 Dungeon Crawl Stone Soup version 0.30-a0-728-gc68057be0a (webtiles) character file.

Game seed: 15693836058529194159

11 Dittersdorf the Covered (level 2, -7/19 HPs)
             Began as a Gargoyle Fighter on Jan 30, 2023.
             Killed from afar by Robin (17 damage)
             ... with a bolt of dispelling energy
             ... on level 2 of the Dungeon.
             The game lasted 00:00:26 (957 turns).

Dittersdorf the Covered (Gargoyle Fighter)           Turns: 957, Time: 00:00:27

Health: -7/19      AC:  9    Str: 19    XL:     2   Next: 25%
Magic:  2/2        EV:  9    Int:  8    God:
Gold:   39         SH:  4    Dex:  9    Spells: 1/1 levels left

rFire   . . .      SeeInvis .    a - +0 flail
rCold   . . .      Faith    .    c - +0 buckler
rNeg    + . .      Spirit   .    b - +0 scale mail
rPois   ∞          Reflect  .    (no helmet)
rElec   +          Harm     .    (no cloak)
rCorr   .          Rampage  .    (no gloves)
Will    .....                    (no boots) Stlth
                                 (no amulet)
HPRegen 0.23/turn                (no ring)
MPRegen 0.08/turn                (no ring)

@: no status effects
A: sickness immunity, AC +2, negative energy resistance 1, electricity
resistance, torment resistance 1, petrification resistance
a: no special abilities


You were on level 2 of the Dungeon.
You visited 1 branch of the dungeon, and saw 2 of its levels.

You collected 39 gold pieces.

Inventory:

Hand Weapons
 a - a +0 flail (weapon)
Missiles
 k - 2 throwing nets (quivered)
Armour
 b - a +0 scale mail (worn)
 c - a +0 buckler (worn)
Wands
 j - a wand of flame (22)
Scrolls
 e - 4 scrolls of noise {unknown}
 h - a scroll of immolation {unknown}
 i - a scroll of teleportation {unknown}
Potions
 d - 2 potions of might
 f - a potion of heal wounds {unknown}
 g - a potion of attraction {unknown}


   Skills:
 + Level 3.5 Fighting
 + Level 2.2 Maces & Flails
 + Level 3.5 Armour
 + Level 3.4 Shields


You had one spell level left.
You didn't know any spells.
Your spell library was empty.

Dungeon Overview and Level Annotations

Branches:
Dungeon (2/15)

Altars:

Annotations:
D:2 Robin


Innate Abilities, Weirdness & Mutations

You are immune to sickness and miasma.
Your stone body is resilient. (AC +2)
You are immune to poison.
You resist negative energy. (rN+)
You are resistant to electric shocks. (rElec)
You are resistant to unholy torment.
You are immune to petrification.


Message History

The goblin barely misses you. The goblin hits you but does no damage.
You hit the hobgoblin.
The hobgoblin is almost dead.
A goblin comes into view. It is wielding a +0 club.
The hobgoblin barely misses you.
Robin roars a battlecry!
The goblin goes into a battle-frenzy!
The goblin hits you but does no damage. The goblin hits you with a +0 club.
The goblin hits you but does no damage. You block the hobgoblin's attack.
The goblin closely misses you. Robin throws the goblin at you!
The goblin hits you with a +0 club.
You hear a shout!
You hit the hobgoblin.
You kill the hobgoblin!
The goblin unwields a +0 sling.
The goblin wields a +0 dagger.
The goblin hits you but does no damage. You block the goblin's attack.
Robin misses you. The goblin hits you with a +0 club.
The goblin hits you but does no damage.
A goblin comes into view. It is wielding a +0 dagger.
The goblin barely misses you. The goblin hits you but does no damage.
You are too injured to fight recklessly!
You are too injured to fight recklessly!
You are too injured to fight recklessly!
You are too injured to fight recklessly!
You are too injured to fight recklessly!
You are too injured to fight recklessly!
You are too injured to fight recklessly!
You are too injured to fight recklessly!
You are too injured to fight recklessly!
Robin throws the goblin at you! The goblin barely misses you.
A hobgoblin comes into view.
You block the goblin's attack.
You closely miss the goblin. The goblin closely misses you.
You block the goblin's attack. The goblin hits you but does no damage.
You thump the goblin!
You kill the goblin!
The hobgoblin no longer looks unusually strong.
Robin zaps a wand.
The bolt of dispelling energy hits you!
Ouch! That really hurt!
You die...

.... #..# #... #...# #... #
....#.# #.g g#.#....#.#
##?.# .#.......
.##...g##......#
..........gggg.....#
#............@gg.....#
#......##.^.)##......#
##.....#.##..##.#.....###.#
......#.#.#..#.#.#$........
#....##.#....#.##....###. #
..#.##......##.#.).# #.
#.#..........#.#..#
##..##............##..#
...#................#.##..#


You could see Robin, a hobgoblin and 6 goblins.

Vanquished Creatures
  2 endoplasms (D:1)
  A goblin (D:2)
  3 hobgoblins (D:2)
  A kobold (D:1)
  A frilled lizard (D:1)
  3 rats
11 creatures vanquished.

Notes
Turn   | Place    | Note
-------+----------+-------------------------------------------
     0 | D:1      | Dittersdorf the Gargoyle Fighter began the quest for the
                  | Orb.
     0 | D:1      | Reached XP level 1. HP: 14/14 MP: 1/1
   917 | D:2      | Reached XP level 2. HP: 18/19 MP: 2/2
   947 | D:2      | Noticed Robin
   957 | D:2      | Killed from afar by Robin

Illustrated notes

Levels and vault maps discovered:
D:1:      minmay_arrival_floating_metal, layout_loops_corners,
          minmay_misc_feat_alley, st_stairs_14
D:2:      layout_loops_ring, minmay_misc_feat_secret_circle,
          grunt_ministairs_14, eino_curves_01, uniq_robin

Action                     || total
---------------------------++-------
  Melee: Flail             ||    27
 Armour: Scale mail        ||    17
  Dodge: Dodged            ||    17
  Block: Buckler           ||    11

Table legend: (Time is in decaauts)
 A = Elapsed time spent in this place.
 B = Non-inter-level travel time spent in this place.
 C = Inter-level travel time spent in this place.
 D = Time resting spent in this place.
 E = Time spent auto-exploring this place.
 F = Levels seen in this place.
 G = Mean time per level.
                   A        B        C        D        E       F      G
               +--------+--------+--------+--------+--------+-----+--------+
         Total |    980 |    933 |     47 |      0 |    853 |   2 |  490.0 |
       Dungeon |    980 |    933 |     47 |      0 |    853 |   2 |  490.0 |
               +--------+--------+--------+--------+--------+-----+--------+

Top non-repeatable levels by time:
     D:1: 933 daAuts
     D:2: 47 daAuts
